 Dungeon Crawl Stone Soup version 0.32-a0-314-g526f7d4993 (webtiles) character file.

Game seed: 9914269594540660116

112 Valken the Digger (level 4, -1/40 HPs)
             Began as a Troll Earth Elementalist on Feb 15, 2024.
             Slain by a gnoll
             ... wielding a +0 whip
              (5 damage)
             ... on level 3 of the Dungeon on Feb 16, 2024.
             The game lasted 00:16:22 (1624 turns).

Valken the Digger (Troll Earth Elementalist)        Turns: 1624, Time: 00:16:22

Health: -1/40      AC:  4    Str: 18    XL:     4   Next: 63%
Magic:  5/5        EV: 10    Int: 11    God:
Gold:   141        SH:  0    Dex: 10    Spells: 4/5 levels left

rFire   . . .        e - +1 whip (pain)
rCold   . . .        (no shield)
rNeg    . . .        a - +0 robe
rPois   .            (helmet restricted)
rElec   .            (no cloak)
rCorr   .            (gloves unavailable)
SInv    .            (boots unavailable)
Will    .....        (no amulet)
Stlth   +            i - ring of wizardry
HPRegen 1.06/turn    (no ring)
MPRegen 0.09/turn

%: wizardry (x1)
@: lethally poisoned (-1 -> -1)
A: large, unfitting armour, claws 3, regeneration 1, shaggy fur 1, tough skin 1
a: no special abilities


You were on level 3 of the Dungeon.
You visited 1 branch of the dungeon, and saw 3 of its levels.

You collected 141 gold pieces.

Inventory:

Hand Weapons
 e - a +1 whip of pain (weapon)
Missiles
 h - 4 boomerangs
 m - 11 stones
Armour
 a - a +0 robe (worn)
 k - a +0 cloak
Jewellery
 i - a ring of wizardry (left claw)
Scrolls
 d - 3 scrolls of identify {unknown}
 g - 3 scrolls of enchant armour {unknown}
 n - a scroll of fear {unknown}
 p - a scroll of revelation
Potions
 b - a potion of magic
 c - 3 potions of mutation {unknown}
 f - a potion of degeneration {unknown}
 j - a potion of heal wounds {unknown}
 l - a potion of lignification {unknown}
 o - a potion of brilliance {unknown}


   Skills:
 + Level 0.6 Fighting
 + Level 1.5 Maces & Flails
 + Level 2.3 Dodging
 + Level 1.1 Stealth
 + Level 1.4 Unarmed Combat
 + Level 1.4 Spellcasting
 + Level 0.7 Conjurations
 + Level 3.2 Earth Magic


You had 4 spell levels left.
You knew the following spells:

 Your Spells              Type           Power      Damage    Failure   Level
a - Sandblast             Erth           14%        2d6       3%          1

Your spell library contained the following spells:

 Spells                   Type           Power      Damage    Failure   Level
 Passwall                 Erth           7%         N/A       10%         3
 Stone Arrow              Conj/Erth      10%        3d7       16%         3
 Brom's Barrelling Bould  Conj/Erth      5%         2d3       45%         4
 Petrify                  Alch/Erth      4%         N/A       52%         4


Dungeon Overview and Level Annotations

Branches:
Dungeon (3/15)

Altars:
Yredelemnul


Innate Abilities, Weirdness & Mutations

You are too large for most types of armour.
You have claws for hands.
Your natural rate of healing is unusually fast.
You are covered in fur. (AC +1)
You have tough skin. (AC +1)


Message History

The adder bites you.
You are poisoned.
The adder poisons you! The gnoll hits you with a +0 whip!
The gnoll hits you with a +0 whip. The adder closely misses you.
You barely miss the gnoll.
The gnoll is severely wounded.
You feel sick. The gnoll hits you with a +0 whip!
The gnoll hits you with a +0 whip. The adder barely misses you.
You barely miss the gnoll.
The gnoll is severely wounded.
You feel sick.
The gnoll misses you. x2; The adder closely misses you.
The gnoll closely misses you. The gnoll hits you with a +0 whip.
You closely miss the gnoll.
The gnoll is severely wounded.
You feel sick. The adder barely misses you. The adder misses you.
The gnoll barely misses you. x2
You barely miss the gnoll.
The gnoll is severely wounded.
You feel sick.
You are no longer poisoned.
The adder closely misses you. The gnoll closely misses you.
The gnoll misses you.
You hit the gnoll.
The gnoll is almost dead.
The adder bites you. The gnoll hits you but does no damage.
The gnoll closely misses you.
You completely miss the gnoll.
The gnoll is almost dead.
The adder bites you but does no damage. The gnoll hits you with a +0 whip.
* * * LOW HITPOINT WARNING * * *
The gnoll hits you with a +0 whip.
* * * LOW HITPOINT WARNING * * *
The adder barely misses you. The adder bites you.
* * * LOW HITPOINT WARNING * * *
You are poisoned.
The adder poisons you!
You feel sick. The gnoll attacks as it pursues you!
The gnoll hits you with a +0 whip.
You die...

#.........##.#.#
#.#..........#...#
#.##....##.###...#
###.##.........#...##
#.........>#.#.#....
#......###.#.#.#..######
#......# #.#.#.#.......#
#......###.#........#..#
#.............@S.g.....#
#......###.#...g.#....##
######## #.#.###.......#
#......# #)#. ........#
#......# #.###########.#
#......# #...).........#
#......######...########
#.....................
#..................###


You could see 2 gnolls and an adder.

Vanquished Creatures
  2 gnolls (D:3)
  An adder (D:2)
  A dart slug (D:1)
  2 ribbon worms (D:2)
  5 endoplasms
  A giant cockroach (D:1)
  3 goblins
  7 hobgoblins
  5 jackals
  3 quokkas (D:1)
  4 ball pythons
  2 bats (D:2)
  3 frilled lizards
  3 kobolds
  A rat (D:1)
43 creatures vanquished.

Notes
Turn   | Place    | Note
-------+----------+-------------------------------------------
     0 | D:1      | Valken the Troll Earth Elementalist began the quest for the
                  | Orb.
     0 | D:1      | Reached XP level 1. HP: 16/16 MP: 1/1
   111 | D:1      | Reached skill level 3 in Earth Magic
   111 | D:1      | Reached XP level 2. HP: 24/24 MP: 3/3
   156 | D:1      | You fall into a shaft and drop 1 floor!
   175 | D:2      | Reached XP level 3. HP: 21/31 MP: 4/4
   525 | D:2      | Reached skill level 1 in Unarmed Combat
   918 | D:1      | Reached XP level 4. HP: 35/40 MP: 5/5
  1383 | D:3      | Found a basalt altar of Yredelemnul.
  1428 | D:3      | Reached skill level 1 in Maces & Flails
  1624 | D:3      | Slain by a gnoll

Illustrated notes

Levels and vault maps discovered:
D:1:      dreamdust_arrival_sigmund_warning, layout_basic, hex_medium
D:2:      layout_loops_ring
D:3:      layout_basic, mainiacjoe_overflow_paths

Skill      XL: |  1  2  3  4 |
---------------+-------------+-----
Earth Magic    | 3 |  3.2
Dodging        | 2 |  2.3
Unarmed Combat | 1 |  1.4
Maces & Flails | 1 |  1.5
Fighting       | |  0.6
Stealth        | |  1.1
Spellcasting   | |  1.4
Conjurations   | |  0.7

Action                     |  1- 3 |  4- 6 || total
---------------------------+-------+-------++-------
  Melee: Unarmed           |    34 |       ||    34
         Whip              |    55 |    68 ||   123
    Use: Scroll            |     3 |       ||     3
 Armour: Robe              |    61 |    54 ||   115
  Dodge: Dodged            |    49 |    54 ||   103

Table legend: (Time is in decaauts)
 A = Elapsed time spent in this place.
 B = Non-inter-level travel time spent in this place.
 C = Inter-level travel time spent in this place.
 D = Time resting spent in this place.
 E = Time spent auto-exploring this place.
 F = Levels seen in this place.
 G = Mean time per level.
                   A        B        C        D        E       F      G
               +--------+--------+--------+--------+--------+-----+--------+
         Total |   1633 |   1633 |      0 |      0 |      0 |   3 |  544.3 |
       Dungeon |   1633 |   1633 |      0 |      0 |      0 |   3 |  544.3 |
               +--------+--------+--------+--------+--------+-----+--------+

Top non-repeatable levels by time:
     D:2: 727 daAuts
     D:1: 654 daAuts
     D:3: 250 daAuts
